 Dungeon Crawl Stone Soup version 0.25-a0-340-ga1faa1601d (webtiles) character file.

Game seed: 7979994396724719149, levelgen mode: classic

121 Borgoz the Skirmisher (level 5, 0/33 HPs)
             Began as a Gargoyle Fighter on Dec 29, 2019.
             Was an Initiate of Ashenzari.
             Killed by nerve-wracking pain
             ... invoked by Grinder
              (1 damage)
             ... on level 3 of the Dungeon.
             The game lasted 00:01:53 (1541 turns).

Borgoz the Skirmisher (Gargoyle Fighter)            Turns: 1541, Time: 00:01:55

Health: 0/33       AC: 11    Str: 28    XL:     5   Next: 5%
Magic:  5/5        EV:  7    Int:  8    God:    Ashenzari [......]
Gold:   93         SH: 10    Dex:  9    Spells: 4/4 levels left

rFire    . . .     SeeInvis .   a - +0 long sword
rCold    + . .     Gourm    .   c - +0 shield
rNeg     + . .     Faith    .   b - +0 scale mail
rPois    ∞         Spirit   .   (no helmet)
rElec    +         Reflect  .   (no cloak)
rCorr    .         Harm     .   (no gloves)
MR       .....                  (no boots)
Stlth    ..........             (no amulet)
HPRegen  0.11/turn              (no ring)
MPRegen  0.09/turn              (no ring)

@: mighty
A: cold resistance 1, negative energy resistance 1, electricity resistance,
strong 1, unbreathing, petrification resistance, rot immunity, MP-powered wands,
AC +4
a: Curse Item, Renounce Religion


You were on level 3 of the Dungeon.
You worshipped Ashenzari.
Ashenzari was noncommittal.
You were not hungry.

You visited 1 branch of the dungeon, and saw 3 of its levels.

You collected 93 gold pieces.

Inventory:

Hand Weapons
 a - a +0 long sword (weapon)
Armour
 b - a +0 scale mail (worn)
 c - a +0 shield (worn)
Scrolls
 e - a scroll of remove curse
 h - 2 scrolls of amnesia {unknown}
 m - a scroll of teleportation {unknown}
Potions
 d - 2 potions of might
 j - a potion of invisibility {unknown}
 k - a potion of flight {unknown}
 l - a potion of degeneration {unknown}
 n - a potion of heal wounds {unknown}
Comestibles
 f - a ration
 o - 6 chunks of flesh


   Skills:
 + Level 4.1 Fighting
 * Level 3.4 Long Blades
 + Level 4.1 Armour
 - Level 3.2 Shields


You had 4 spell levels left.
You didn't know any spells.
Your spell library was empty.

Dungeon Overview and Level Annotations

Branches:
Dungeon (3/15)

Altars:
Ashenzari

Annotations:
D:3 Grinder


Innate Abilities, Weirdness & Mutations

You are resistant to torment.
Your stone body is resilient. (AC +4)
You are immune to poison.
You resist negative energy. (rN+)
You are resistant to electric shocks. (rElec)
You can survive without breathing.
You are immune to petrification.
You are immune to rotting.
Your flesh is cold resistant. (rC+)
Your muscles are strong. (Str +2)
You expend magic power (3 MP) to strengthen your wands.


Message History

You closely miss Grinder.
Grinder is severely wounded.
Grinder hits you but does no damage.
You closely miss Grinder.
Grinder is severely wounded.
You block Grinder's attack.
You slash Grinder!
Grinder is almost dead.
Grinder hits you!
* * * LOW HITPOINT WARNING * * *
You writhe in agony.
* * * LOW HITPOINT WARNING * * *
You block Grinder's attack.
It was a potion of mutation.
You feel extremely strange.
You feel your magical essence link to the dungeon's wands.
You feel resistant to cold.
You feel stronger.
Grinder says, "Just stop there for a second..."
Grinder gestures at you. Pain shoots through your body!
You die...

# .#
##########.#.#
......5@<...>#
.#####.#)#.###
...#.# #
###$#.# ###.#
#.# #.# #.#
..#


You could see Grinder.

Vanquished Creatures
  An orc wizard (D:2)
  3 adders (D:2)
  2 oozes
  2 worms
  2 dart slugs
  An orc (D:2)
  4 bats (D:1)
  3 giant cockroaches
  6 goblins
  8 hobgoblins
  5 kobolds
  4 frilled lizards
  8 rats
49 creatures vanquished.

Notes
Turn   | Place    | Note
-------+----------+-------------------------------------------
     0 | D:1      | Borgoz the Gargoyle Fighter began the quest for the Orb.
     0 | D:1      | Reached XP level 1. HP: 14/14 MP: 1/1
    97 | D:1      | Reached XP level 2. HP: 12/19 MP: 2/2
   428 | D:1      | Reached XP level 3. HP: 23/23 MP: 3/3
   529 | D:1      | Found a shattered altar of Ashenzari.
   537 | D:1      | Became a worshipper of Ashenzari the Shackled
   955 | D:2      | Reached XP level 4. HP: 29/29 MP: 4/4
  1504 | D:3      | Noticed Grinder
  1513 | D:3      | Paralysed by Grinder for 5 turns
  1527 | D:3      | Reached XP level 5. HP: 11/33 MP: 5/5
  1540 | D:3      | HP: 1/33 [Grinder (2)]
  1541 | D:3      | Gained mutation: You expend magic power (3 MP) to
                  | strengthen your wands. [potion of mutation]
  1541 | D:3      | Gained mutation: Your flesh is cold resistant. (rC+)
                  | [potion of mutation]
  1541 | D:3      | Gained mutation: Your muscles are strong. (Str +2) [potion
                  | of mutation]
  1541 | D:3      | Killed from afar by Grinder

Levels and vault maps discovered:
D:1:      lightli_arrival_boilingwater, layout_loops_cross, fountainhead,
          chequers_serial_rivers_room_a, minmay_hedge_maze,
          evilmike_ruin_ashenzari
D:2:      layout_basic
D:3:      layout_basic, xom_butterflies, nemelex_xobeh_ov_fountains_minmay,
          gup_sewer_entry_bowl, uniq_grinder

Skill      XL: |  1  2  3  4 |
---------------+-------------+-----
Long Blades    | 2 3 |  3.4
Fighting       | 4 |  4.1
Armour         | 4 |  4.1
Shields        | |  3.2

Action                   |  1- 3 |  4- 6 || total
-------------------------+-------+-------++-------
Melee: Long sword        |    99 |    63 ||   162
  Use: Potion            |       |     3 ||     3
  Eat: Chunk             |       |     2 ||     2
Armor: Scale mail        |    45 |    38 ||    83
Dodge: Dodged            |    34 |    18 ||    52
Block: Shield            |    49 |    42 ||    91
       Rpst.: Long sword |    14 |     6 ||    20

Table legend:
 A = Non-vault XP
 B = Vault XP
 C = Vault XP percentage of total XP
 D = Non-vault monster count
 E = Vault monster count
 F = Vault count percentage of total count
                 A         B        C        D         E       F
            +---------+---------+-------+---------+---------+-------
      Total |     173 |       0 |   0.0 |      49 |       0 |   0.0
            +---------+---------+-------+---------+---------+-------
        D:1 |      46 |       0 |   0.0 |      26 |       0 |   0.0
        D:2 |     116 |       0 |   0.0 |      19 |       0 |   0.0
        D:3 |      11 |       0 |   0.0 |       4 |       0 |   0.0
            +---------+---------+-------+---------+---------+-------
